[Event "ICC tourney 2840 (30 10)"]
[Site "Internet Chess Club"]
[Date "2022.02.27"]
[Round "1"]
[White "HU, MERRIC:K09-14686967"]
[Black "ALEKSANDROV, ALEKSEJ:Aleksandrov73"]
[Result "0-1"]
[ICCResult "White resigns"]
[WhiteElo "2060"]
[BlackElo "2549"]
[Opening "Giuoco Piano"]
[ECO "C50"]
[NIC "IG.02"]
[Time "13:02:14"]
[PlyCount "40"]
[TimeControl "1800+10"]

1. e4 e5 2. Nf3 Nc6 3. Bc4 Bc5 4. O-O Nf6 5. d3 O-O 6. Nbd2 d6 7. a4 a5 8.
c3 Ne7 9. Re1 c6 10. d4 exd4 11. cxd4 Bb4 12. Bd3 Ng6 13. h3 Re8 14. Qc2 Nh5
15. Rd1 Nhf4 16. Bf1 Qf6 17. Kh2 Bxd2 18. Bxd2 Nxh3 19. Be3 Bg4 20. Be2 Nhf4
{White resigns}
0-1

[Event "ICC tourney 2840 (30 10)"]
[Site "Internet Chess Club"]
[Date "2022.02.27"]
[Round "1"]
[White "Belous, Vladimir:Openyagami"]
[Black "DENG, HENRY:SuperPuzzler"]
[Result "1-0"]
[ICCResult "Black checkmated"]
[WhiteElo "2557"]
[BlackElo "2085"]
[Opening "English opening"]
[ECO "A16"]
[NIC "EO.64"]
[Time "13:01:17"]
[PlyCount "79"]
[TimeControl "1800+10"]

1. c4 Nf6 2. Nc3 d6 3. Nf3 e5 4. g3 Nbd7 5. Bg2 Be7 6. O-O O-O 7. d3 a5 8.
a3 c6 9. Bd2 d5 10. cxd5 cxd5 11. Rc1 Qb6 12. a4 Bc5 13. Nb5 e4 14. d4 Bd6
15. Nh4 Bb8 16. Nf5 Qd8 17. Rxc8 Qxc8 18. Ne7+ Kh8 19. Nxc8 Rxc8 20. Qb3 Nb6
21. Rc1 Nc4 22. Bg5 Bd6 23. Bxf6 gxf6 24. Bxe4 dxe4 25. Rxc4 Bb4 26. Rxc8+
Rxc8 27. Qxf7 Rf8 28. Qxb7 e3 29. fxe3 Bd2 30. Qe7 Bb4 31. Nd6 Kg8 32. e4
Bd2 33. Kf2 Bb4 34. Kf3 h5 35. Kf4 Bd2+ 36. Kf5 Kh8 37. Qxf8+ Kh7 38. Qf7+
Kh8 39. Qg6 h4 40. Nf7# {Black checkmated} 1-0

[Event "ICC tourney 2840 (30 10)"]
[Site "Internet Chess Club"]
[Date "2022.02.27"]
[Round "1"]
[White "JIANG, ANDREW:K05-16091063"]
[Black "SHEEHAN, ETHAN THOMAS:Chessking2008"]
[Result "0-1"]
[ICCResult "White resigns"]
[WhiteElo "1996"]
[BlackElo "2218"]
[Opening "Caro-Kann: Tartakower (Nimzovich) variation"]
[ECO "B15"]
[NIC "CK.06"]
[Time "13:01:31"]
[PlyCount "78"]
[TimeControl "1800+10"]

1. e4 c6 2. d4 d5 3. Nc3 dxe4 4. Nxe4 Nf6 5. Nxf6+ exf6 6. Be3 Qb6 7. Qc1 c5
8. d5 Bd6 9. Nf3 O-O 10. Be2 Bg4 11. c4 Nd7 12. O-O Rfe8 13. h3 Bh5 14. Qd2
f5 15. g3 Nf6 16. Kg2 Ne4 17. Qc1 Bc7 18. b4 Nxg3 19. fxg3 Qg6 20. Rf2 Qxg3+
21. Kf1 Qxh3+ 22. Kg1 Re4 23. Ng5 Qg3+ 24. Rg2 Qxe3+ 25. Qxe3 Rxe3 26. Bxh5
g6 27. bxc5 Be5 28. Rb1 Bd4 29. Kh1 Bxc5 30. Be2 Rae8 31. Rb2 h6 32. Nf3 b6
33. Kh2 Kg7 34. Rd2 Bb4 35. Rc2 Kf6 36. Nd4 R8e4 37. Nc6 Rh4+ 38. Kg1 Bc5
39. Bf1 Re2+ {White resigns} 0-1

[Event "ICC tourney 2840 (30 10)"]
[Site "Internet Chess Club"]
[Date "2022.02.27"]
[Round "1"]
[White "SHAWKAT, SAIF:saif-shawkat"]
[Black "Wan, Joseph Cheng-Yue:cyborg86"]
[Result "0-1"]
[ICCResult "White resigns"]
[WhiteElo "2002"]
[BlackElo "2290"]
[Opening "French: Winawer, advance, 6...Ne7"]
[ECO "C18"]
[NIC "FR.11"]
[Time "13:01:21"]
[PlyCount "62"]
[TimeControl "1800+10"]

1. e4 e6 2. d4 d5 3. Nc3 Bb4 4. e5 c5 5. a3 Bxc3+ 6. bxc3 Ne7 7. h4 Qa5 8.
Bd2 Qa4 9. Qb1 c4 10. h5 h6 11. Nf3 Nbc6 12. Qd1 Bd7 13. Nh4 O-O-O 14. g4
Rdf8 15. Bh3 f6 16. f4 fxe5 17. fxe5 Kb8 18. Be3 Be8 19. Kd2 a6 20. Rf1 Na7
21. Qb1 Rxf1 22. Bxf1 Nec6 23. Qb2 Nb5 24. Ke2 Rf8 25. Bh3 Qa5 26. Bd2
Ncxd4+ 27. cxd4 c3 28. Qb4 Qxb4 29. axb4 cxd2 30. Kd3 Rf2 31. Rh1 Rh2
{White resigns}
0-1

[Event "ICC tourney 2840 (30 10)"]
[Site "Internet Chess Club"]
[Date "2022.02.27"]
[Round "1"]
[White "Liang, Jason:Jupiter435"]
[Black "SRIPADA, HAVISH:brilliantnessme"]
[Result "1-0"]
[ICCResult "Black resigns"]
[WhiteElo "2350"]
[BlackElo "2007"]
[Opening "Sicilian: Canal-Sokolsky attack, 3...Bd7"]
[ECO "B52"]
[NIC "SI.01"]
[Time "13:02:02"]
[PlyCount "77"]
[TimeControl "1800+10"]

1. e4 c5 2. Nf3 d6 3. Bb5+ Bd7 4. Bxd7+ Nxd7 5. O-O Ngf6 6. Qe2 e6 7. d4
cxd4 8. Nxd4 Be7 9. c4 a6 10. Nc3 O-O 11. b3 Rc8 12. Bb2 Re8 13. Rad1 Qa5
14. Qd2 Bf8 15. Rfe1 Qh5 16. f4 Ng4 17. h3 Ngf6 18. Nf3 Red8 19. Qe2 Qc5+
20. Kh2 Qh5 21. Nd4 Qxe2 22. Rxe2 g6 23. Nf3 Nc5 24. g3 Bg7 25. Kg2 Kf8 26.
Ba3 b6 27. e5 Ne8 28. Red2 Ke7 29. exd6+ Nxd6 30. Na4 Nce4 31. Nxb6 Rc6 32.
Re2 Nc3 33. Nd5+ Nxd5 34. cxd5 Rc3 35. dxe6 fxe6 36. Red2 Rc6 37. Ne5 Rb6
38. Nc4 Rc6 39. Nxd6 {Black resigns} 1-0

[Event "ICC tourney 2840 (30 10)"]
[Site "Internet Chess Club"]
[Date "2022.02.27"]
[Round "1"]
[White "XIE, BRYAN:largecrab"]
[Black "Gaw, Chloe:HarleyQueen8"]
[Result "1-0"]
[ICCResult "Black resigns"]
[WhiteElo "2105"]
[BlackElo "1766"]
[Opening "Sicilian: Richter-Rauzer, Rauzer attack, 7...a6 defense, 8...Bd7"]
[ECO "B67"]
[NIC "SI.30"]
[Time "13:01:19"]
[PlyCount "83"]
[TimeControl "1800+10"]

1. e4 c5 2. Nf3 d6 3. d4 cxd4 4. Nxd4 Nf6 5. Nc3 Nc6 6. Bg5 e6 7. Qd2 a6 8.
O-O-O Bd7 9. f4 b5 10. Nxc6 Bxc6 11. Qd4 Be7 12. Bxf6 Bxf6 13. Qxd6 Qxd6 14.
Rxd6 Bxc3 15. Rxc6 Bd4 16. Rxa6 Rxa6 17. Bxb5+ Ke7 18. Bxa6 Be3+ 19. Kb1
Bxf4 20. g3 Be3 21. Rd1 Rb8 22. c4 g5 23. Bb5 Rb7 24. b4 f5 25. exf5 exf5
26. a4 f4 27. gxf4 Bxf4 28. h3 h5 29. c5 g4 30. hxg4 hxg4 31. Rd4 Kf6 32.
Rxf4+ Kg5 33. Rc4 Rc7 34. c6 g3 35. Rc2 Kf4 36. Bf1 Ke5 37. b5 Kd6 38. Bg2
Ra7 39. b6 Rxa4 40. c7 Rb4+ 41. Kc1 Rxb6 42. c8=Q {Black resigns} 1-0

[Event "ICC tourney 2840 (30 10)"]
[Site "Internet Chess Club"]
[Date "2022.02.27"]
[Round "1"]
[White "NEMMALI, PRATEEK R:Priccchess"]
[Black "Hutton, Jack:DinDjarin"]
[Result "0-1"]
[ICCResult "White checkmated"]
[WhiteElo "1816"]
[BlackElo "2108"]
[Opening "French: exchange variation"]
[ECO "C01"]
[NIC "FR.01"]
[Time "13:01:19"]
[PlyCount "52"]
[TimeControl "1800+10"]

1. e4 e6 2. d4 d5 3. exd5 exd5 4. Bd3 Bd6 5. Nf3 Bg4 6. h3 Bh5 7. O-O Ne7 8.
Re1 Nc6 9. c3 Qd7 10. Nbd2 O-O-O 11. Qa4 g5 12. Bb5 f6 13. Nh2 g4 14. Nb3 g3
15. fxg3 Bxg3 16. Rf1 Rhg8 17. Rxf6 Bh4 18. Rf4 Qxh3 19. Bf1 Be2 20. Rxh4
Qxh4 21. Bxe2 Qe1+ 22. Bf1 Rxg2+ 23. Kxg2 Rg8+ 24. Ng4 Rxg4+ 25. Kf3 Rg3+
26. Kf4 Qf2# {White checkmated} 0-1

[Event "ICC tourney 2840 (30 10)"]
[Site "Internet Chess Club"]
[Date "2022.02.27"]
[Round "1"]
[White "Tanenbaum, Zachary:MasterZachary"]
[Black "Turcotte, Jonathan:JonnyTurgi"]
[Result "1/2-1/2"]
[ICCResult "Game drawn by mutual agreement"]
[WhiteElo "2237"]
[BlackElo "2000"]
[Opening "Caro-Kann: exchange variation"]
[ECO "B13"]
[NIC "CK.02"]
[Time "13:20:43"]
[PlyCount "103"]
[TimeControl "1800+10"]

1. e4 c6 2. d4 d5 3. exd5 cxd5 4. Bd3 Nc6 5. c3 Qc7 6. Bg5 Nf6 7. Nd2 Bg4 8.
Ngf3 e6 9. Bh4 Bd6 10. Qc2 Bh5 11. O-O Bg6 12. Rfe1 O-O 13. Bxg6 hxg6 14. a4
a6 15. Qd3 Rfc8 16. Bg3 Bxg3 17. hxg3 Nd7 18. Ng5 Ne7 19. Ndf3 Qc4 20. Qe3
Nf5 21. Qf4 Qc7 22. Qg4 b5 23. Nxf7 Nf6 24. Qxg6 Qxf7 25. Qxf7+ Kxf7 26.
Ng5+ Kg6 27. Nxe6 Ne4 28. Nf4+ Kf7 29. Nxd5 Rd8 30. Nc7 Ra7 31. Ne6 Kxe6 32.
Rxe4+ Kf6 33. axb5 Rda8 34. bxa6 Rxa6 35. Rxa6+ Rxa6 36. Kf1 Nd6 37. Re1 Ra2
38. Ke2 Rxb2+ 39. Kf3 Rc2 40. Re3 Nb5 41. Rd3 Rxc3 42. Ke3 Rxd3+ 43. Kxd3
Ke6 44. Ke4 Nd6+ 45. Kf4 Kd5 46. Kg5 Ne4+ 47. Kg6 Nxf2 48. Kxg7 Kxd4 49. Kf6
Ne4+ 50. Kf5 Nxg3+ 51. Kf4 Ne4 52. g4 {Game drawn by mutual agreement}
1/2-1/2

[Event "ICC tourney 2840 (30 10)"]
[Site "Internet Chess Club"]
[Date "2022.02.27"]
[Round "1"]
[White "VAKHIDOV, JAKHONGIR:TjkTiger"]
[Black "TANG, ZOEY:WonderZ"]
[Result "1-0"]
[ICCResult "Black resigns"]
[WhiteElo "2602"]
[BlackElo "2086"]
[Opening "English opening"]
[ECO "A20"]
[NIC "EO.24"]
[Time "13:02:14"]
[PlyCount "111"]
[TimeControl "1800+10"]

1. c4 e5 2. g3 Bc5 3. Nc3 Nc6 4. Bg2 d6 5. e3 Bf5 6. d3 Nge7 7. Nge2 O-O 8.
O-O a5 9. d4 Bb6 10. h3 Bg6 11. b3 f5 12. dxe5 dxe5 13. Ba3 Re8 14. Nd5 Nxd5
15. Qxd5+ Bf7 16. Qxd8 Raxd8 17. Rfd1 e4 18. g4 fxg4 19. hxg4 Be6 20. Rxd8
Rxd8 21. Bxe4 Bxg4 22. Bd5+ Kh8 23. Nf4 h5 24. Kg2 Kh7 25. Rh1 g6 26. c5 Ba7
27. f3 Bf5 28. e4 Bc8 29. Kg3 Ne7 30. c6 Nxd5 31. Nxd5 bxc6 32. Ne7 Bb7 33.
Rc1 Be3 34. Rc3 Bd4 35. Rc2 Be5+ 36. f4 Bd6 37. Bxd6 Rxd6 38. e5 Re6 39. Nd5
Kh6 40. Nf6 Ba6 41. Rd2 g5 42. Rd7 Kg6 43. Rxc7 h4+ 44. Kf3 h3 45. Ng4 Bd3
46. fxg5 Kxg5 47. Kg3 h2 48. Nxh2 Kf5 49. Nf3 Kg6 50. Kf4 Bb1 51. Nd4 Re8
52. Rxc6+ Kf7 53. Rc1 Bxa2 54. Ra1 Rd8 55. Ke4 Bxb3 56. Nxb3 {Black resigns}
1-0

[Event "ICC tourney 2840 (30 10)"]
[Site "Internet Chess Club"]
[Date "2022.02.27"]
[Round "1"]
[White "YAN, RUIYANG:jy2020"]
[Black "LIANG, YU-CHENG:Yucheng"]
[Result "0-1"]
[ICCResult "White resigns"]
[WhiteElo "2172"]
[BlackElo "1984"]
[Opening "Caro-Kann: two knights, 3...Bg4"]
[ECO "B10"]
[NIC "CK.01"]
[Time "13:01:20"]
[PlyCount "150"]
[TimeControl "1800+10"]

1. e4 c6 2. Nf3 d5 3. Nc3 Bg4 4. h3 Bxf3 5. Qxf3 e6 6. Be2 Nd7 7. d3 Ngf6 8.
O-O Bd6 9. d4 dxe4 10. Nxe4 Nxe4 11. Qxe4 Nf6 12. Qf3 Qc7 13. c4 O-O 14. Be3
Rfd8 15. Rad1 a5 16. Bd3 Rd7 17. Bb1 Rad8 18. b3 a4 19. Bc2 Ra8 20. Bd2 axb3
21. axb3 Rdd8 22. Bc3 Be7 23. Rfe1 b5 24. Re3 b4 25. Bb2 Ra2 26. Rb1 Rda8
27. Bd3 Ne8 28. Re2 Bf6 29. Rd1 Rd8 30. Bb1 Raa8 31. g3 Rd7 32. Be4 Rc8 33.
h4 Nd6 34. Bb1 Rcd8 35. Red2 Nc8 36. Be4 Ne7 37. Ba1 Qb6 38. Qe3 Qa7 39. Bb2
g6 40. Kg2 c5 41. d5 Bxb2 42. Rxb2 exd5 43. cxd5 Nxd5 44. Bxd5 Rxd5 45. Rxd5
Rxd5 46. Qe8+ Kg7 47. Re2 Qd7 48. Qe3 f6 49. Ra2 Re5 50. Qf4 Qd5+ 51. Kh2
Re7 52. Ra6 Qd4 53. Qf3 c4 54. bxc4 b3 55. Qf4 Qxf4 56. gxf4 Rb7 57. Ra1 Kf7
58. Kg3 b2 59. Rb1 Rb3+ 60. f3 Ke6 61. c5 Kd5 62. f5 Kxc5 63. fxg6 hxg6 64.
Kg4 Kd4 65. f4 f5+ 66. Kg5 Rg3+ 67. Kf6 Kc3 68. h5 gxh5 69. Kxf5 Kc2 70. Rh1
b1=Q 71. Rxb1 Kxb1 72. Ke4 h4 73. f5 h3 74. f6 h2 75. f7 h1=Q+ {White
resigns} 0-1

[Event "ICC tourney 2840 (30 10)"]
[Site "Internet Chess Club"]
[Date "2022.02.27"]
[Round "1"]
[White "HEBDEN, MARK L:mhebden"]
[Black "TANG, AUSTIN:Mrpeetapizza"]
[Result "1/2-1/2"]
[ICCResult "Game drawn because neither player has mating material"]
[WhiteElo "2505"]
[BlackElo "2034"]
[Opening "Neo-Grünfeld, 6.O-O c6"]
[ECO "D78"]
[NIC "GI.02"]
[Time "13:01:20"]
[PlyCount "162"]
[TimeControl "1800+10"]

1. d4 Nf6 2. Nf3 g6 3. g3 Bg7 4. Bg2 d5 5. O-O O-O 6. c4 c6 7. b3 dxc4 8.
bxc4 c5 9. Bb2 cxd4 10. Nxd4 Qb6 11. Qb3 Nbd7 12. Rd1 Nc5 13. Qa3 Bd7 14.
Nc3 Ne6 15. e3 Rac8 16. Nd5 Nxd5 17. cxd5 Nxd4 18. Bxd4 Bxd4 19. Rxd4 Qc5
20. Qxc5 Rxc5 21. d6 exd6 22. Bxb7 Rb8 23. Bf3 Rb2 24. Bd1 Be6 25. Rxd6 Rxa2
26. Rxa2 Bxa2 27. Bf3 a5 28. Ra6 Be6 29. h4 Kf8 30. Kg2 Ke7 31. g4 Rc4 32.
Rxa5 Bxg4 33. Bd5 Rc7 34. e4 Be6 35. Kg3 Bxd5 36. Rxd5 Rc2 37. h5 Rc1 38.
Kg2 Ke6 39. Ra5 Kf6 40. h6 Rc8 41. f4 Ke7 42. Ra7+ Ke6 43. Ra6+ Ke7 44. Kg3
Kf8 45. Kg4 Ke7 46. Ra7+ Ke6 47. Ra6+ Ke7 48. Kg5 Rc5+ 49. f5 gxf5 50. exf5
Rc8 51. Kf4 Kf8 52. Ke5 Rd8 53. Kf6 Rb8 54. Kg5 Rd8 55. Ra7 Rb8 56. Rd7 Ra8
57. Rd6 Rb8 58. Kf6 Ra8 59. Rd7 Ra6+ 60. Ke5 Ra8 61. Kf4 Rb8 62. Ra7 Rc8 63.
Ra1 Rc4+ 64. Ke5 Rc5+ 65. Kd6 Rc8 66. Rg1 Rd8+ 67. Ke5 Ra8 68. Rg7 Ra5+ 69.
Kf4 Ra1 70. Rxh7 Rh1 71. f6 Rf1+ 72. Ke5 Re1+ 73. Kd4 Rd1+ 74. Ke3 Ke8 75.
Rg7 Rh1 76. h7 Kd7 77. Rxf7+ Ke6 78. Ra7 Kxf6 79. Kf4 Kg6 80. Kg4 Rxh7 81.
Rxh7 Kxh7 {Game drawn because neither player has mating material} 1/2-1/2

[Event "ICC tourney 2840 (30 10)"]
[Site "Internet Chess Club"]
[Date "2022.02.27"]
[Round "1"]
[White "RAMANATHAN, SURAJ:Suraj240704"]
[Black "MOSKALENKO, ALEXANDER:aplusk"]
[Result "1-0"]
[ICCResult "Black checkmated"]
[WhiteElo "2086"]
[BlackElo "2564"]
[Opening "Queen's Indian: 4.g3 Bb7"]
[ECO "E15"]
[NIC "QI.06"]
[Time "13:03:09"]
[PlyCount "207"]
[TimeControl "1800+10"]

1. d4 Nf6 2. c4 e6 3. Nf3 b6 4. g3 Bb7 5. Bg2 g6 6. Nc3 Ne4 7. Nxe4 Bxe4 8.
O-O Bg7 9. Bg5 Qc8 10. Qd2 O-O 11. Bh6 d6 12. Rac1 Nd7 13. b4 a5 14. b5 Qb7
15. Bxg7 Kxg7 16. a4 Rad8 17. Rfd1 h6 18. h4 f5 19. Ne1 Qa8 20. f3 Bb7 21.
Qc3 Kh7 22. Nd3 Nf6 23. Nf4 Qc8 24. c5 g5 25. hxg5 hxg5 26. Nh3 g4 27. Nf4
gxf3 28. exf3 Bd5 29. Kf2 Kg7 30. Qe3 Qd7 31. Rh1 Rh8 32. Rce1 Kf7 33. Nh3
Rdg8 34. Ng5+ Ke7 35. c6 Qc8 36. Qf4 Rxh1 37. Rxh1 Rg7 38. Rh6 Qg8 39. Nh3
Rg6 40. Qh4 Rxh6 41. Qxh6 Bb3 42. Bf1 Bxa4 43. Bc4 Qh7 44. Qg5 d5 45. Bf1
Bb3 46. Qe3 Bc4 47. Ng5 Qg8 48. Bh3 Nh7 49. f4 Nxg5 50. fxg5 Bxb5 51. Qe5
Bxc6 52. Qf6+ Kd6 53. g6 Be8 54. Bxf5 Kd7 55. Bc2 b5 56. Ke3 a4 57. Kd2 a3
58. Kc3 b4+ 59. Kb3 Bxg6 60. Bxg6 Qa8 61. Qf7+ Kd6 62. Qf4+ Kd7 63. Qf7+ Kd6
64. Qf4+ Kc6 65. Qc1+ Kd7 66. Bb1 Qa6 67. Qc2 Qd6 68. Qh7+ Kc8 69. Qd3 Kd8
70. g4 Qh2 71. Kxb4 a2 72. Bxa2 Qxa2 73. g5 Qb2+ 74. Ka4 Ke7 75. Qh7+ Kd6
76. Qg7 Kc6 77. Qe5 Kd7 78. Qg7+ Kc6 79. Qe5 Kb7 80. Qe3 Ka7 81. Qd3 Qa1+
82. Kb3 Qg1 83. g6 Kb6 84. Kb4 c6 85. Ka4 Kc7 86. Ka5 Qa1+ 87. Kb4 Qb2+ 88.
Ka5 Qa1+ 89. Kb4 Qe1+ 90. Ka4 Qg1 91. Ka5 Kd6 92. Qa3+ Kd7 93. Qd3 Ke7 94.
Qa3+ Kd7 95. Qd3 Qg5 96. Kb6 Qd8+ 97. Ka6 Qg5 98. Qb1 Ke7 99. Qb7+ Kd8 100.
g7 Qg1 101. g8=Q+ Qxg8 102. Qb8+ Ke7 103. Qxg8 Kd6 104. Qd8# {Black
checkmated} 1-0

[Event "ICC tourney 2840 (30 10)"]
[Site "Internet Chess Club"]
[Date "2022.02.27"]
[Round "2"]
[White "TANG, ZOEY:WonderZ"]
[Black "SHAWKAT, SAIF:saif-shawkat"]
[Result "1-0"]
[ICCResult "Black resigns"]
[WhiteElo "2086"]
[BlackElo "2002"]
[Opening "Trompowsky attack (Ruth, Opocenský opening)"]
[ECO "A45"]
[NIC "QP.07"]
[Time "15:00:11"]
[PlyCount "47"]
[TimeControl "1800+10"]

1. d4 Nf6 2. Bg5 d5 3. e3 c5 4. Bxf6 gxf6 5. dxc5 Nc6 6. Bb5 e6 7. b4 Bd7 8.
c3 a5 9. Nf3 axb4 10. Bxc6 Bxc6 11. cxb4 b6 12. Nd4 Ba4 13. Qh5 e5 14. Ne6
Qe7 15. Nxf8 Qxf8 16. Nc3 Bc6 17. Qf3 Qe7 18. Nxd5 Bxd5 19. Qxd5 O-O 20. O-O
Rfd8 21. Qc4 bxc5 22. bxc5 Ra5 23. Rac1 Rc8 24. Qg4+ {Black resigns} 1-0

[Event "ICC tourney 2840 (30 10)"]
[Site "Internet Chess Club"]
[Date "2022.02.27"]
[Round "2"]
[White "NEMMALI, PRATEEK R:Priccchess"]
[Black "HU, MERRIC:K09-14686967"]
[Result "1-0"]
[ICCResult "Black resigns"]
[WhiteElo "1816"]
[BlackElo "2060"]
[Opening "Sicilian: accelerated fianchetto, modern variation"]
[ECO "B34"]
[NIC "SI.33"]
[Time "15:00:38"]
[PlyCount "53"]
[TimeControl "1800+10"]

1. e4 c5 2. Nf3 Nc6 3. d4 cxd4 4. Nxd4 g6 5. Nc3 Bg7 6. Be3 Nf6 7. Nxc6 bxc6
8. e5 Ng8 9. Bd4 Qa5 10. f4 f6 11. Qe2 fxe5 12. fxe5 Nh6 13. g4 O-O 14.
O-O-O Rf4 15. Qc4+ e6 16. Be2 Nxg4 17. Rhf1 Ne3 18. Bxe3 Rxc4 19. Bxc4 Qxe5
20. Bf4 Qc5 21. Bxe6+ dxe6 22. Rd8+ Bf8 23. Ne4 Qf5 24. Ng3 Qf6 25. Bc7 Qe7
26. Ne4 Qxc7 27. Nf6+ {Black resigns} 1-0

[Event "ICC tourney 2840 (30 10)"]
[Site "Internet Chess Club"]
[Date "2022.02.27"]
[Round "2"]
[White "LIANG, YU-CHENG:Yucheng"]
[Black "Liang, Jason:Jupiter435"]
[Result "0-1"]
[ICCResult "White resigns"]
[WhiteElo "1984"]
[BlackElo "2350"]
[Opening "QGD: Janowski variation"]
[ECO "D31"]
[NIC "QP.08"]
[Time "15:00:32"]
[PlyCount "48"]
[TimeControl "1800+10"]

1. d4 d5 2. c4 e6 3. Nc3 a6 4. e3 Nf6 5. Nf3 Nbd7 6. cxd5 exd5 7. Bd3 Bd6 8.
O-O O-O 9. b3 c6 10. a4 Qe7 11. Bb2 Ne4 12. Ne2 Re8 13. Qc1 Qf6 14. Ba3 Bb8
15. b4 Nf8 16. Ng3 Ng6 17. b5 Bg4 18. Nd2 Nxg3 19. hxg3 h5 20. bxc6 bxc6 21.
Re1 h4 22. gxh4 Nxh4 23. Bf1 Qg6 24. g3 Bd7 {White resigns} 0-1

[Event "ICC tourney 2840 (30 10)"]
[Site "Internet Chess Club"]
[Date "2022.02.27"]
[Round "2"]
[White "TANG, AUSTIN:Mrpeetapizza"]
[Black "Volkov, Sergey:Volkov"]
[Result "0-1"]
[ICCResult "White resigns"]
[WhiteElo "2034"]
[BlackElo "2573"]
[Opening "French: Tarrasch, closed variation, main line"]
[ECO "C06"]
[NIC "FR.17"]
[Time "15:00:38"]
[PlyCount "80"]
[TimeControl "1800+10"]

1. e4 e6 2. d4 d5 3. Nd2 Nf6 4. e5 Nfd7 5. Bd3 c5 6. c3 Nc6 7. Ne2 cxd4 8.
cxd4 f6 9. exf6 Nxf6 10. O-O Bd6 11. Nf3 O-O 12. Bf4 Bxf4 13. Nxf4 Ng4 14.
Nh3 e5 15. dxe5 Ngxe5 16. Nxe5 Nxe5 17. Bxh7+ Kxh7 18. Qh5+ Kg8 19. Qxe5
Bxh3 20. gxh3 Qd7 21. Rac1 Rf7 22. Qg3 Raf8 23. Qg4 Rf5 24. Kh1 Qf7 25. f3
Rxf3 26. Rxf3 Qxf3+ 27. Qxf3 Rxf3 28. Rc7 Rf7 29. Rc8+ Kh7 30. Rd8 Rf2 31.
Rxd5 Rxb2 32. Rd7 a5 33. a3 b5 34. Ra7 a4 35. Rb7 b4 36. axb4 a3 37. Ra7 a2
38. b5 Rb1+ 39. Kg2 a1=Q 40. Rxa1 Rxa1 {White resigns} 0-1

[Event "ICC tourney 2840 (30 10)"]
[Site "Internet Chess Club"]
[Date "2022.02.27"]
[Round "2"]
[White "DENG, HENRY:SuperPuzzler"]
[Black "JIANG, ANDREW:K05-16091063"]
[Result "1-0"]
[ICCResult "Black resigns"]
[WhiteElo "2085"]
[BlackElo "1996"]
[Opening "Giuoco Piano"]
[ECO "C54"]
[NIC "IG.02"]
[Time "15:00:08"]
[PlyCount "111"]
[TimeControl "1800+10"]

1. e4 e5 2. Nf3 Nc6 3. Bc4 Bc5 4. c3 Nf6 5. d3 d6 6. O-O O-O 7. Nbd2 h6 8.
h3 Bb6 9. Re1 Ne7 10. Nf1 Ng6 11. Bb3 Re8 12. Ng3 Be6 13. Bc2 d5 14. exd5
Bxd5 15. Be3 c5 16. Nd2 Qc7 17. Nc4 Bxc4 18. dxc4 e4 19. Qe2 Qe5 20. Rad1
Bc7 21. Bc1 Rad8 22. Nf1 Rxd1 23. Rxd1 h5 24. Qe3 Nf4 25. Ba4 Re7 26. Qxf4
Qxf4 27. Bxf4 Bxf4 28. Ne3 Bxe3 29. fxe3 Kh7 30. Rd8 Kg6 31. Rc8 b6 32. b4
cxb4 33. cxb4 Kf5 34. Kf2 Ke5 35. Bb3 Kd6 36. c5+ bxc5 37. Rxc5 Rb7 38. a3
g6 39. Ke2 Nd7 40. Rd5+ Ke7 41. Rd4 f5 42. a4 Ne5 43. Bd5 Rc7 44. Kd2 g5 45.
b5 g4 46. hxg4 hxg4 47. a5 g3 48. b6 axb6 49. axb6 Rc8 50. b7 Rd8 51. Bxe4
Rb8 52. Bd5 Kf6 53. Ra4 Rd8 54. Ke2 Nd7 55. Rc4 Nb6 56. Rc6+ {Black resigns}
1-0

[Event "ICC tourney 2840 (30 10)"]
[Site "Internet Chess Club"]
[Date "2022.02.27"]
[Round "2"]
[White "SRIPADA, HAVISH:brilliantnessme"]
[Black "YAN, RUIYANG:jy2020"]
[Result "0-1"]
[ICCResult "White checkmated"]
[WhiteElo "2007"]
[BlackElo "2172"]
[Opening "Sicilian: Najdorf, Byrne (English) attack"]
[ECO "B90"]
[NIC "SI.14"]
[Time "15:00:16"]
[PlyCount "92"]
[TimeControl "1800+10"]

1. e4 c5 2. Nf3 d6 3. d4 cxd4 4. Nxd4 Nf6 5. Nc3 a6 6. Be3 e5 7. Nb3 Be6 8.
f3 h5 9. Qd2 Nbd7 10. O-O-O Rc8 11. Kb1 Be7 12. h3 Qc7 13. Be2 h4 14. f4 b5
15. Bf3 Nb6 16. Bxb6 Qxb6 17. f5 Bc4 18. Nd5 Bxd5 19. exd5 Bd8 20. Rhe1 O-O
21. Rg1 e4 22. Be2 Nd7 23. g3 Bf6 24. gxh4 e3 25. Qb4 Ne5 26. h5 Kh7 27. Qd4
Qc7 28. Qe4 Rfe8 29. Nd4 Nc4 30. Qg4 Nd2+ 31. Rxd2 exd2 32. Bd1 Re1 33. c3
Qc4 34. h6 Qxd4 35. hxg7 Qxg1 36. Qh5+ Kxg7 37. Kc2 Rxd1 38. Kb3 Re1 39. Kb4
d1=Q 40. b3 Qxh5 41. a4 Qh4+ 42. Ka5 Bxc3+ 43. Kxa6 Ra8+ 44. Kb7 Qa7+ 45.
Kc6 Rc8+ 46. Kxb5 Qb4# {White checkmated} 0-1

[Event "ICC tourney 2840 (30 10)"]
[Site "Internet Chess Club"]
[Date "2022.02.27"]
[Round "2"]
[White "Hutton, Jack:DinDjarin"]
[Black "Belous, Vladimir:Openyagami"]
[Result "0-1"]
[ICCResult "White checkmated"]
[WhiteElo "2108"]
[BlackElo "2557"]
[Opening "Sicilian: Grand Prix attack"]
[ECO "B23"]
[NIC "SI.44"]
[Time "15:00:31"]
[PlyCount "68"]
[TimeControl "1800+10"]

1. e4 c5 2. Nc3 Nc6 3. f4 g6 4. Nf3 Bg7 5. Bb5 Nd4 6. Bd3 e6 7. Nxd4 cxd4 8.
Nb5 d6 9. c3 Ne7 10. Nxd4 O-O 11. Nf3 f5 12. exf5 Nxf5 13. O-O Ne7 14. g3
Kh8 15. Bc2 e5 16. d4 Qb6 17. fxe5 dxe5 18. Nxe5 Rxf1+ 19. Qxf1 Bxe5 20.
Qf8+ Ng8 21. Bb3 Bh3 22. Qf7 Bg7 23. Be3 Rf8 24. Qc4 Nf6 25. Re1 Ng4 26. Bf4
g5 27. Bc7 Qf6 28. Qe2 Qc6 29. Be5 Bxe5 30. dxe5 Qc5+ 31. Kh1 Rf2 32. e6
Qc6+ 33. Qe4 Qxe4+ 34. Rxe4 Rf1# {White checkmated} 0-1

[Event "ICC tourney 2840 (30 10)"]
[Site "Internet Chess Club"]
[Date "2022.02.27"]
[Round "2"]
[White "Turcotte, Jonathan:JonnyTurgi"]
[Black "HEBDEN, MARK L:mhebden"]
[Result "0-1"]
[ICCResult "White forfeits on time"]
[WhiteElo "2000"]
[BlackElo "2505"]
[Opening "King's Indian: orthodox variation"]
[ECO "E94"]
[NIC "KI.15"]
[Time "15:00:12"]
[PlyCount "130"]
[TimeControl "1800+10"]

1. d4 Nf6 2. c4 g6 3. Nc3 Bg7 4. e4 d6 5. Be2 O-O 6. Nf3 e5 7. O-O Na6 8.
Re1 Qe7 9. Bf1 Bg4 10. d5 c5 11. h3 Bd7 12. Bg5 h6 13. Be3 Ne8 14. Qd2 Kh7
15. g4 f5 16. gxf5 gxf5 17. exf5 Bxf5 18. Nh2 Qh4 19. Ng4 Bxg4 20. hxg4
Qxg4+ 21. Bg2 Nf6 22. Qd3+ Kh8 23. f3 Nb4 24. Qe2 Qg6 25. Ne4 Nh5 26. a3 Na6
27. Kh2 Nf4 28. Bxf4 exf4 29. Bh3 Rae8 30. Rg1 Rxe4 31. fxe4 Qf6 32. Qf3
Qxb2+ 33. Kh1 Qc3 34. Qxc3 Bxc3 35. Rab1 b6 36. Bf5 Nc7 37. Rb3 Bd4 38. Rg6
Rf6 39. Rxf6 Bxf6 40. a4 Ne8 41. a5 Bd8 42. axb6 Bxb6 43. Kg2 Ng7 44. Bg6
Kg8 45. Kf3 Kf8 46. Kxf4 Ke7 47. e5 dxe5+ 48. Kxe5 Bc7+ 49. Ke4 Kf6 50. Rb7
Bb6 51. Bf7 Nf5 52. Rd7 h5 53. Be6 Ng3+ 54. Kf3 Nf1 55. Rf7+ Ke5 56. Rf5+
Kd6 57. Rxh5 Nd2+ 58. Ke3 Nxc4+ 59. Ke4 Nd2+ 60. Kf5 c4 61. Rh7 c3 62. Rh3
Bd4 63. Kf4 c2 64. Rh1 Nb3 65. Ke4 Bb6 {White forfeits on time} 0-1